 Dungeon Crawl Stone Soup version 0.27.1-33-g824d729ab1 (webtiles) character file.

Game seed: 8935354682773238630

32 arek5066 the Skirmisher (level 3, -3/33 HPs)
             Began as a Draconian Berserker on Dec 10, 2021.
             Was a Follower of Trog.
             Slain by a gnoll (7 damage)
             ... on level 2 of the Dungeon on Dec 13, 2021.
             The game lasted 00:03:35 (1495 turns).

arek5066 the Skirmisher (Draconian Berserker)       Turns: 1495, Time: 00:03:35

Health: -3/33      AC:  5    Str: 20    XL:     3   Next: 10%
Magic:  3/3        EV: 12    Int:  7    God:    Trog [*.....]
Gold:   28         SH:  0    Dex: 10    Spells: 2/2 levels left

rFire    . . .     SeeInvis .   a - +0 falchion
rCold    . . .     Faith    .   (no shield)
rNeg     . . .     Spirit   .   (armour unavailable)
rPois    .         Reflect  .   (helmet restricted)
rElec    .         Harm     .   (no cloak)
rCorr    .         Rampage  .   (no gloves)
Will     .....                  (no boots)
Stlth    +.........             (no amulet)
HPRegen  0.11/turn              (no ring)
MPRegen  0.08/turn              (no ring)

@: no status effects
A: AC +5, unfitting armour, cold-blooded
a: Renounce Religion, Berserk


You were on level 2 of the Dungeon.
You worshipped Trog.
Trog was aware of your devotion.
You visited 1 branch of the dungeon, and saw 2 of its levels.

You collected 28 gold pieces.

Inventory:

Hand Weapons
 a - a +0 falchion (weapon)
Armour
 d - a +3 ring mail
Scrolls
 b - 3 scrolls of enchant weapon {unknown}
 c - a scroll of noise {unknown}
 e - a scroll of silence {unknown}
 h - a scroll of vulnerability {unknown}
Potions
 f - a potion of flight {unknown}
 g - 2 potions of magic {unknown}


   Skills:
 + Level 3.9 Fighting
 + Level 3.7 Long Blades
 - Level 2.7 Dodging
 - Level 0.3 Spellcasting


You had 2 spell levels left.
You didn't know any spells.
Your spell library was empty.

Dungeon Overview and Level Annotations

Branches:
Dungeon (2/15)

Altars:


Innate Abilities, Weirdness & Mutations

Your plain brown scales are hard. (AC +5)
You cannot fit into any form of body armour.
You are cold-blooded and may be slowed by cold attacks.


Message History

You feel a little guilty.
Trog does not appreciate your training of magic skills!
You have reached level 3!
Your experience leads to an increase in your attributes!
Increase (S)trength, (I)ntelligence, or (D)exterity?
You feel stronger.
Your scales feel tougher.
Your library has no spells.
Your library has no spells.
You don't know any spells.
A gnoll comes into view. It is wielding a +0 spear.
A gnoll is nearby!
Things that are here:
a +0 whip; a +0 dagger A gnoll comes into view.
It is wielding a +0 halberd.
The gnoll shouts!
You hear a shout!
A gnoll comes into view. It is wielding a +0 spear.
A kobold comes into view. It is wielding a +0 short sword.
Found 6 poisoned darts.
The gnoll shouts!
The kobold shouts!
A goblin comes into view. It is wielding a +0 club.
The gnoll barely misses you. The gnoll barely misses you. The gnoll misses you.
You riposte.
You hit the gnoll but do no damage.
The gnoll hits you from afar with a +0 spear!
You barely miss the gnoll.
The gnoll hits you from afar with a +0 halberd.
The gnoll hits you with a +0 spear.
The gnoll hits you from afar with a +0 spear.
The gnoll hits you from afar with a +0 halberd!
* * * LOW HITPOINT WARNING * * *
You are too injured to fight recklessly!
You are too injured to fight recklessly!
You are too injured to fight recklessly!
You are too injured to fight recklessly!
You are too injured to fight recklessly!
You are too injured to fight recklessly!
You are too injured to fight recklessly!
You are too injured to fight recklessly!
The gnoll hits you from afar with a +0 spear!
You die...

#.[.†####.#
#..### #.#
##.## #..
#..# #...
#..####
..##.
#.....# .##
.# ##)###.#
. # #..# #
.. ####@##
#....#
#..g..#
#....gg.
######Kg..
.#..# ...(#
##.# .


You could see 3 gnolls, a goblin and a kobold.

Vanquished Creatures
  A gnoll (D:2)
  3 bats
  3 endoplasms (D:1)
  A giant cockroach (D:1)
  4 goblins
  2 hobgoblins (D:1)
  A quokka (D:1)
  A frilled lizard (D:1)
  3 kobolds (D:1)
  A rat (D:1)
20 creatures vanquished.

Notes
Turn   | Place    | Note
-------+----------+-------------------------------------------
     0 | D:1      | arek5066 the Draconian Berserker began the quest for the
                  | Orb.
     0 | D:1      | Reached XP level 1. HP: 19/19 MP: 1/1
   535 | D:1      | Reached XP level 2. HP: 23/26 MP: 2/2
  1488 | D:2      | Reached XP level 3. HP: 31/33 MP: 3/3
  1495 | D:2      | Slain by a gnoll

Illustrated notes

Levels and vault maps discovered:
D:1:      sevenhm_arrival_forest_fort_small_3, layout_basic, minmay_crystal_room
D:2:      layout_rooms, ebering_ecumenical_altar_sacrificial, minmay_misc_feat_x

Action                   || total
-------------------------++-------
Melee: Falchion          ||    43
       Tailslap          ||     3
Armor: Skin              ||    12
Dodge: Dodged            ||    36
       Rpst.: Falchion   ||    12
